 Dungeon Sprint DCSS version 0.19-a0-1922-g1e9a4c1 (webtiles) character file.

1295 LORDOFBUTT the Unseen (level 8, 0/48 HPs)
             Began as a Spriggan Assassin on Oct 24, 2016.
             Was a High Priest of Dithmenos.
             Slain by a black bear (2 damage)
             ... in the Dungeon (Sprint V: "Ziggurat Sprint").
             The game lasted 00:02:54 (353 turns).

LORDOFBUTT the Unseen (Spriggan Assassin)            Turns: 353, Time: 00:02:56

Health: 0/48       AC:  3    Str: 13    XL:     8   Next: 30%
Magic:  9/9        EV: 17    Int: 12    God:    Dithmenos [*****.]
Gold:   0          SH:  0    Dex: 20    Spells: 0 memorised, 7 levels left

rFire  . . .     SeeInvis +     L - +5 quick blade
rCold  . . .     Gourm    .     c - +0 robe
rNeg   . . .     Faith    .     (shield restricted)
rPois  .         Spirit   .     (helmet restricted)
rElec  +         Reflect  .     d - +0 cloak
rCorr  .         Harm     .     (gloves unavailable)
MR     +....     NoTele   +     (boots unavailable)
Stlth  ++++++++++               (no amulet)
                                F - +6 ring of strength
                                N - ring of Alyvok {rElec Stlth+}

@: wreathed by umbra, invisible, very quick
A: unfitting armour, see invisible, herbivore 3, speed 3, slow metabolism 2
a: Shadow Step, Shadow Form, Renounce Religion


You were in the Dungeon.
You worshipped Dithmenos.
Dithmenos was extremely pleased with you.
You were not hungry.

You visited 1 branch

Inventory:

Hand Weapons
 b - a +0 blowgun
 L - a +5 quick blade (weapon)
Missiles
 e - 8 poisoned needles
 f - 2 curare-tipped needles
Armour
 c - a +0 robe (worn)
 d - a +0 cloak (worn)
Jewellery
 a - an uncursed ring of positive energy
 B - a +6 ring of dexterity
 C - a +6 ring of dexterity
 D - a +6 ring of intelligence
 E - a +6 ring of intelligence
 F - a +6 ring of strength (right hand)
 G - a +6 ring of strength
 M - a +3 ring of dexterity
 N - the ring of Alyvok (left hand) {rElec Stlth+}
   (You found it in the Dungeon)

   [ring of stealth]

   It insulates you from electricity.
   It makes you more stealthy.
Wands
 H - a wand of disintegration (7/24)
 I - a wand of iceblast (5/15)
 J - a wand of lightning (5/15)
 K - a wand of acid (5/15)
Scrolls
 m - 4 scrolls of blinking
 t - 4 scrolls of amnesia
 u - 3 scrolls of recharging
 v - 7 scrolls of fog
 w - a scroll of holy word
 x - 5 scrolls of identify
 y - 4 scrolls of remove curse
 z - 2 scrolls of fear
Potions
 h - 9 potions of curing
 i - 8 potions of heal wounds
 j - 6 potions of haste
 k - 7 potions of magic
 l - 3 potions of berserk rage
 n - 2 potions of brilliance
 p - 4 potions of resistance
 q - a potion of experience
 r - 5 potions of agility
 s - 5 potions of might
Comestibles
 g - 5 bread rations
 A - 42 fruits


   Skills:
 + Level 8.6 Fighting
 + Level 11.2 Short Blades
 - Level 2.8 Throwing
 - Level 1.9 Dodging
 + Level 17.4 Stealth


You had 7 spell levels left.
You didn't know any spells.

Dungeon Overview and Level Annotations

Branches:
Dungeon (1/1)

Altars:
Ashenzari
Cheibriados
Dithmenos
Elyvilon
Fedhas
Gozag
Hepliaklqana
Kikubaaqudgha
Makhleb
Nemelex Xobeh
Okawaru
Qazlal
Ru
Sif Muna
Trog
Uskayaw
Vehumet
Xom
Yredelemnul
Zin
The Shining One
Beogh
Jiyva
Lugonu


Innate Abilities, Weirdness & Mutations

You are very small and have problems with some larger weapons.
You are too small for most types of armour.
You have supernaturally acute eyesight. (SInv)
You are a herbivore.
You cover ground extremely quickly.
You need consume almost no food.


Message History

The wolf is lightly wounded.
Your shadow closely misses the wolf.
The black bear closely misses you. The black bear misses you.
The black bear barely misses you.
You hit the wolf but do no damage.
The wolf is lightly wounded.
The wolf closely misses you.
You completely miss the wolf.
The wolf is lightly wounded.
The wolf bites you!
* * * LOW HITPOINT WARNING * * *
You hit the wolf but do no damage.
The wolf is lightly wounded.
Your shadow hits the wolf but does no damage.
You fade into invisibility!
The wolf stops to sniff the ground.
The wolf misses you. The black bear closely misses you.
The black bear claws you.
* * * LOW HITPOINT WARNING * * *
The black bear claws you.
You die...

▓........▓........▓
▓▓▓▓▓▓▓▓▓▓▓▓▓▓▓▓▓▓▓
▓..8©8..▓ ▓..:}:..▓
▓..)":..▓ ▓.......▓
▓.......▓ ▓..h....▓
▓..h@...▓ ▓.......▓
▓.......▓ ▓▓▓▓▓▓▓▓▓


You could see a black bear and a wolf.

Vanquished Creatures
  A spriggan (D)
  A steam dragon (D)
  A water moccasin (D)
  2 swamp drakes (D)
  A floating eye (D)
  A phantom (D)
  3 black bears (D)
  A necrophage (D)
  A wight (D)
  2 jellies (D)
  An orc priest (D)
  An orc wizard (D)
  2 adders (D)
  An ooze (D)
  A bat zombie (D)
  A ball python (D)
  A jackal skeleton (D)
22 creatures vanquished.

Notes
Turn   | Place    | Note
-------+----------+-------------------------------------------
     0 | D        | LORDOFBUTT the Spriggan Assassin began the quest for the Orb.
     0 | D        | Reached XP level 1. HP: 10/10 MP: 2/2
     0 | D        | Found a deep blue altar of Sif Muna.
     0 | D        | Found a sacrificial altar of Ru.
     0 | D        | Found a bloodstained altar of Trog.
     0 | D        | Found a stormy altar of Qazlal.
     0 | D        | Found an iron altar of Okawaru.
     0 | D        | Found a sparkling altar of Nemelex Xobeh.
     0 | D        | Found a blossoming altar of Fedhas.
     2 | D        | Found an ancient bone altar of Kikubaaqudgha.
     2 | D        | Found a viscous altar of Jiyva.
     2 | D        | Found a corrupted altar of Lugonu.
     2 | D        | Found a hazy altar of Hepliaklqana.
     2 | D        | Found a burning altar of Makhleb.
     2 | D        | Found an opulent altar of Gozag.
    64 | D        | Became a worshipper of Dithmenos the Shadowed
    76 | D        | Entered arena 1.
    76 | D        | Noticed an orc wizard
    76 | D        | Noticed an orc priest
    79 | D        | Killed an orc wizard
    79 | D        | Reached skill level 9 in Stealth
    79 | D        | Reached XP level 2. HP: 15/15 MP: 3/3
    81 | D        | Reached skill level 11 in Stealth
    81 | D        | Reached XP level 3. HP: 18/18 MP: 4/4
    83 | D        | Entered arena 2.
    83 | D        | Noticed a swamp drake
    83 | D        | Noticed a swamp drake
    83 | D        | Noticed a steam dragon
    94 | D        | Killed a swamp drake
    94 | D        | Reached * piety under Dithmenos
    94 | D        | Reached skill level 5 in Short Blades
    94 | D        | Reached skill level 12 in Stealth
    94 | D        | Reached XP level 4. HP: 25/25 MP: 5/5
    94 | D        | Reached XP level 5. HP: 29/29 MP: 6/6
   112 | D        | Killed a swamp drake
   112 | D        | Reached skill level 5 in Fighting
   112 | D        | Reached skill level 13 in Stealth
   131 | D        | Killed a steam dragon
   131 | D        | Reached skill level 14 in Stealth
   131 | D        | Reached XP level 6. HP: 29/36 MP: 7/7
   191 | D        | Entered arena 3.
   191 | D        | Noticed a floating eye
   195 | D        | Reached ** piety under Dithmenos
   199 | D        | Killed a floating eye
   199 | D        | Reached skill level 15 in Stealth
   199 | D        | Reached XP level 7. HP: 41/41 MP: 8/8
   206 | D        | Entered arena 4.
   212 | D        | Reached *** piety under Dithmenos
   237 | D        | Entered arena 5.
   240 | D        | Reached skill level 16 in Stealth
   241 | D        | Reached **** piety under Dithmenos
   241 | D        | Reached skill level 10 in Short Blades
   300 | D        | Got the ring of Alyvok {rElec Stlth+}
   307 | D        | Entered arena 6.
   307 | D        | Noticed a spriggan
   325 | D        | Reached ***** piety under Dithmenos
   325 | D        | Reached XP level 8. HP: 24/47 MP: 9/9
   334 | D        | Reached skill level 17 in Stealth
   353 | D        | HP: 2/48 [black bear (2)]
   353 | D        | Slain by a black bear

Vault maps used:
D:        sprint_v

Skill      XL: |  1  2  3  4  5  6  7  8 |
---------------+-------------------------+-----
Fighting       | 2 4 6 8 |  8.6
Short Blades   | 3 5 8 9 10 11 | 11.2
Stealth        | 9 11 12 14 15 16 17 | 17.4
Throwing       | |  2.8
Dodging        | |  1.9

Action                   |  1- 3 |  4- 6 |  7- 9 || total
-------------------------+-------+-------+-------++-------
Melee: Quick blade       |     6 |    21 |    71 ||    98
Invok: Shadow Step       |       |       |     1 ||     1
  Use: Potion            |     3 |       |     2 ||     5
       Scroll            |       |       |     1 ||     1
 Stab: Sleeping          |     2 |     4 |     3 ||     9
       Invisible         |     2 |     2 |       ||     4
Armor: Robe              |       |       |     7 ||     7
Dodge: Dodged            |     7 |     5 |    78 ||    90
